Fragmites, chaotic male human Wizard #@f # # --------+- # |....%...| # |.....<..| ### |.........## ---------- # Fragmites the Wizard Experience level: 5 Strength: 9 Dexterity: 9 Constitution: 11 Intelligence: 19 Wisdom: 19 Charisma: 9 Health: 0(39) Energy: 58(63) Def: 2 Gold: 152 Moves: 3358 Dungeon seed [set]: Game ID: Fragmites_1701602538 Your Inventory: Coins $ - 152 gold pieces Amulets v - an uncursed amulet of reflection (being worn) Weapons a - the uncursed rustproof +0 Magicbane (weapon in hand) k - 2 uncursed +0 orcish daggers Armor e - an uncursed +0 cloak of magic resistance (being worn) n - an uncursed +0 orcish helm (being worn) Comestibles l - 2 uncursed sprigs of wolfsbane I - an uncursed food ration M - 4 uncursed tripe rations Q - an uncursed cream pie Scrolls C - 2 uncursed scrolls of blank paper E - a blessed scroll of gold detection G - an uncursed scroll of enchant armor J - a blessed scroll of identify K - an uncursed scroll of scare monster L - an uncursed scroll of gold detection Potions g - an uncursed potion of confusion x - an uncursed potion of speed H - an uncursed potion of gain level R - an uncursed potion of levitation Wands d - an uncursed wand of nothing (0:7) q - an uncursed wand of striking (0:5) D - an uncursed wand of light (0:12) F - an uncursed wand of undead turning (0:3) O - an uncursed wand of striking (0:5) Tools i - an uncursed mirror j - an uncursed sack P - an uncursed bell Gems r - 2 uncursed worthless pieces of green glass y - 3 uncursed worthless pieces of violet glass N - an uncursed worthless piece of yellow glass S - an uncursed amethyst Y - an uncursed worthless piece of yellowish brown glass Contents of the sack: 247 gold pieces Spells and supernatural/magical abilities: Name Level Category Fail Memory a - force bolt 1 attack 0% 84% b - confuse monster 2 enchantment 0% 90% r - remove curse 3 clerical 87% 84% W - pray for help -- divine ? -- Your skills at the end: Miscellaneous Skills wands [Basic] Weapon Skills dagger [Basic] quarterstaff [Basic] Spellcasting Skills attack spells [Basic] enchantment spells [Basic] Final Attributes: You were piously aligned. You were cold resistant. You were magic-protected. Your writing hand was ok. You were somewhat stealthy. You had reflection. You are dead. Vanquished creatures: a giant beetle a leprechaun a human zombie a rock piercer a gray ooze a ghoul 2 paper golems 2 puppies a floating eye 2 iguanas a jitterbug a giant bat 4 acid blobs 2 geckos a cave spider 3 yellow molds a red mold 7 garter snakes 5 jackals 3 newts 3 goblins 2 grid bugs 4 lichens 50 creatures vanquished. Voluntary challenges: You did not cause conflict. You were not invisible. You did not have reflection until turn 1875. You were not displaced. You did not donate to any temples.. You used a wielded weapon 77 times, starting on turn 43. You did not apply a unicorn horn. You did not use plumbed fixtures. You did not drink any magical draughts. You read items or engraved 9 times, starting on turn 1309. You never genocided any monsters. You never polymorphed an object. You never changed form. You used no wishes. You did not apply or invoke any artifacts. You never split a pudding. You never wrote Elbereth's name. You never violated your personal moral code. Dungeon overview: The Dungeons of Doom: levels 1 to 8 Level 1 a fountain a long staircase Level 2 Level 3 a vault stairs to The Gnomish Mines Level 4 an altar to Anhur, some fountains Level 5 a weapon shop Level 6 a vault, a shop, a fountain Level 7 some fountains Level 8 <- You were here The Gnomish Mines: Level 4 stairs to The Dungeons of Doom History has recorded: On T:1 you entered the Dungeons of Doom to retrieve the Amulet of Yendor! On T:403 you reached level 2 of The Dungeons of Doom. On T:403 you unlocked the Ranger role by using stairs. On T:719 you reached level 3 of The Dungeons of Doom. On T:724 you advanced to experience level 2. On T:1175 you advanced to experience level 3. On T:1313 you reached level 4 of The Dungeons of Doom. On T:1468 you advanced to experience level 4. On T:1502 you received Magicbane from Anhur. On T:1826 you reached level 1 of The Gnomish Mines. On T:1826 you unlocked the Rogue role by using long stairs. On T:2152 you reached level 5 of The Dungeons of Doom. On T:2446 you reached level 6 of The Dungeons of Doom. On T:2496 you reached level 7 of The Dungeons of Doom. On T:2510 you advanced to experience level 5. On T:3193 you unlocked the fruit name option by eating a melon. On T:3340 you reached level 8 of The Dungeons of Doom. Score breakdown: Gold: 399 ( 39 points) Experience: 5 levels ( 400 points) Exploration: 8 levels ( 210 points) Discoveries: 23 items ( 1150 points) Variety of kills: 23 monsters ( 1150 points) Major goal: (nothing yet) ( 0 points) Survival: died (score multiplied by 3) Total score: 8847 Latest messages: You stop searching. The giant bat bites! You miss the giant bat. The giant bat bites! (2x) The spell hits the giant bat! You kill the giant bat! You see here 45 gold pieces. $ - 45 gold pieces. You stop running. You hack the jaguar! The jaguar claws you! (2x) The jaguar bites! The jaguar claws you! (2x) The jaguar bites! The spell hits the jaguar! The jaguar claws you! (2x) The jaguar bites! You die... Final status: Goodbye Fragmites the Wizard, killed by a jaguar... You died in The Dungeons of Doom on dungeon level 8 with 8847 points, and 399 pieces of gold, after 3358 moves. You were level 5 with a maximum of 39 hit points when you died.